 Dungeon Crawl Stone Soup version 0.30.1-9-gdf580d7c3d (webtiles) character file.

Game seed: 6030453989324451236

17878 Sigmuldom the Protected (level 12, -3/108 HPs)
             Began as an Armataur Fighter on Oct 1, 2023.
             Was the Champion of Cheibriados.
             Slain by an orc warrior
             ... wielding a +1 heavy flail
              (5 damage)
             ... on level 2 of the Orcish Mines.
             The game lasted 00:52:13 (11464 turns).

Sigmuldom the Protected (Armataur Fighter)         Turns: 11464, Time: 00:52:14

Health: -3/108     AC: 19    Str: 43    XL:     12   Next: 22%
Magic:  14/14      EV:  8    Int: 24    God:    Cheibriados [******]
Gold:   1193       SH:  7    Dex: 26    Spells: 11/11 levels left

rFire   . . .        A - +6 war axe of Alo Ymug {drain, Str+3}
rCold   . . .        c - +0 buckler
rNeg    . . .        q - +1 plate armour
rPois   .            (helmet restricted)
rElec   .            O - +2 cloak {Stlth+}
rCorr   +            t - +0 pair of gloves
SInv    .            (no barding)
Will    +....        K - amulet of regeneration Stlth
                     i - ring of resist corrosion
HPRegen 1.18/turn    J - ring of willpower
MPRegen 0.14/turn

%: roll
@: very slow
A: large, rugged brown scales 3, deformed body, armoured tail, roll, long
tongue, awkward tongue, claws 1, hooves 1, horns 1, stinger 1, low MP 1
a: Renounce Religion, Bend Time, Temporal Distortion, Slouch, Step From Time


You were on level 2 of the Orcish Mines.
You worshipped Cheibriados.
Cheibriados was exalted by your worship.
You visited 3 branches of the dungeon, and saw 15 of its levels.

You collected 1289 gold pieces.
You spent 96 gold pieces at shops.

Inventory:

Hand Weapons
 k - a +1 whip of draining
 l - a +5 halberd of protection
 A - the +6 war axe of Alo Ymug (weapon) {drain, Str+3}
   (You found it on level 1 of the Lair of Beasts)

   Str:       It affects your strength (+3).
 B - a +1 flail of protection
 T - a +4 arbalest of electrocution
 U - a +5 great sword
Missiles
 y - 4 throwing nets (quivered)
 Q - 27 poisoned darts
Armour
 c - a +0 buckler (worn)
 j - a +0 helmet
 m - a +2 ring mail of fire resistance
 q - a +1 plate armour (worn)
 t - a +0 pair of gloves (worn)
 O - a +2 cloak of stealth (worn)
Jewellery
 a - an amulet of guardian spirit
 i - a ring of resist corrosion (left hand)
 J - a ring of willpower (right hand)
 K - an amulet of regeneration (around neck)
 M - an amulet of the acrobat
 R - an amulet of reflection
 S - an amulet of faith
Wands
 I - a wand of polymorph (5)
 W - a wand of iceblast (3)
Scrolls
 h - 4 scrolls of teleportation
 n - 3 scrolls of fog
 u - 2 scrolls of vulnerability
 v - a scroll of brand weapon
 w - 3 scrolls of fear
 G - a scroll of magic mapping
 N - a scroll of blinking {unknown}
 P - a scroll of enchant weapon {unknown}
Potions
 d - 2 potions of might
 e - 3 potions of magic
 f - a potion of mutation
 g - a potion of ambrosia
 o - a potion of invisibility {unknown}
 p - a potion of berserk rage {unknown}
 r - 2 potions of cancellation
 s - 3 potions of attraction
 x - 2 potions of haste {unknown}
 z - a potion of flight
 D - a potion of lignification {unknown}
 E - a potion of brilliance {unknown}
 F - 2 potions of degeneration
Miscellaneous
 V - a lightning rod (4/4)


   Skills:
 + Level 7.9 Fighting
 + Level 10.9(11.0) Axes
 + Level 1.1(7.0) Polearms
 + Level 12.4 Armour
 + Level 1.4 Dodging
 + Level 1.8 Stealth
 + Level 7.3 Shields
 - Level 6.1 Invocations
 + Level 0.5 Evocations


You had 11 spell levels left.
You didn't know any spells.
Your spell library contained the following spells:

 Spells                   Type           Power      Damage    Failure   Level
 Beastly Appendage        Tmut           0%         N/A       52%         1
 Sting                    Tmut/Pois      0%         1d3       52%         1
 Blink                    Tloc           0%         N/A       65%         2
 Lesser Beckoning         Tloc           0%         N/A       65%         2
 Momentum Strike          Conj/Tloc      0%         3d8       65%         2
 Poisonous Vapours        Pois/Air       0%         N/A       65%         2
 Wereblood                Tmut           0%         N/A       65%         2
 Inner Flame              Hex/Fire       0%         N/A       87%         3
 Mephitic Cloud           Conj/Pois/Air  0%         N/A       87%         3
 Spider Form              Tmut/Pois      0%         N/A       87%         3
 Olgreb's Toxic Radiance  Pois           0%         N/A       99%         4
 Freezing Cloud           Conj/Ice/Air   0%         6-21      100%        5
 Yara's Violent Unravell  Hex/Tmut       0%         3d3       100%        5
 Enfeeble                 Hex            0%         N/A       100%        7


Dungeon Overview and Level Annotations

Branches:
Dungeon (11/15)            Temple (0/1) D:5            Lair (2/5) D:8
    Orc (2/2) D:10            Elf (0/3) Orc:2
  Swamp: Lair:2-3    Shoals: Lair:2-3     Snake: Lair:2-3    Spider: Lair:2-3

Altars:
Cheibriados
Hepliaklqana
Kikubaaqudgha
Uskayaw

Shops:
D:4 ((!*   D:7 :   D:10 (


Innate Abilities, Weirdness & Mutations

You are completely covered in rugged brown scales. (AC +3, +7% HP)
Armour fits poorly on your strangely shaped body.
You have a long armoured tail.
You roll when moving toward enemies. (Rampage)
Your long tongue fully drains potion bottles. (2x potion effects)
Your tongue gives you trouble enunciating. (1.5x scroll delay)
You have sharp fingernails.
You have large cloven feet.
You have a pair of small horns on your head.
Your tail ends in a venomous barb.
Your magical capacity is low. (-10% MP)


Message History

The orc high priest is wielding a +2 scimitar of electrocution.
The orc shouts!
You hear a shout!
An orc warrior comes into view. It is wielding a +0 trident.
The orc moves out of view.
An orc warrior comes into view. It is wielding a +0 dire flail.
Things that are here:
a +0 chain mail; a +0 short sword An orc warrior comes into view.
It is wielding a +1 heavy flail.
The orc warrior shouts!
You hear a shout!
The orc warrior unwields a +0 dire flail.
The orc warrior wields a +0 arbalest.
The orc warrior shoots a bolt.
The bolt hits you.
Things that are here:
a +2 robe of resistance; a +0 dagger; an orc corpse The orc high priest prays to Beogh.
Things that are here:
a +0 robe; a +0 dagger The sun demon barely misses you.
The orc high priest utters an invocation to Beogh.
The sun demon barely misses you.
The sun demon hits you but does no damage.
The sun demon hits you!
You are engulfed in flames!
The sun demon attacks as you move away! You block the sun demon's attack.
The sun demon hits you!
You are engulfed in flames!
The sun demon hits you but does no damage.
The sun demon hits you but does no damage.
The sun demon hits you.
You are engulfed in flames!
You block the sun demon's attack. The sun demon hits you.
You are engulfed in flames!
* * * LOW HITPOINT WARNING * * *
The sun demon hits you but does no damage.
The orc warrior hits you but does no damage.
The sun demon hits you but does no damage. x2
There is an escape hatch in the ceiling here.
The sun demon hits you!
* * * LOW HITPOINT WARNING * * *
You are engulfed in flames!
* * * LOW HITPOINT WARNING * * *
The orc warrior hits you with a +1 heavy flail.
You die...

.## ##### ##...............##
..####.#.## #...............##
..#.#.....# ###....).......##
.........## #.[..<[.....##
........#.## ##...[[....##
.......#...# ###..[....#####
......#...####..[[...).....##
..#....#.## #...[......[....##
.##...#...###.43@.[..........##
.....###..)##..3oo..#.........##
...).[.#....#..)o...#.##.......##
.$.$.)[..o4[.o.)...####.........#
.....)).[...........##.........##
...........#.......####.......##
........#.###.......##.......##
##...#.#### ####....#....#####
#...$..# #..........#


You could see an orc high priest, 2 sun demons, a rust devil (summoned), 2 orc
warriors and an orc.

Vanquished Creatures
  2 orc high priests
  2 orc knights (Orc:2)
  2 orc sorcerers
  2 rime drakes
  A cane toad (Lair:1)
  A komodo dragon (Lair:1)
  A kobold demonologist (D:9)
  A polar bear (D:8)
  Grinder (D:5)
  9 blink frogs (Lair:1)
  A spriggan (Lair:1)
  3 wyverns
  15 yaks
  Edmund (D:5)
  2 wargs
  7 water moccasins
  6 ice beasts
  21 orc warriors
  2 sky beasts
  3 wolves (D:8)
  4 centaurs
  4 ogres
  A phantom (D:6)
  4 kobold brigands
  Blork the orc (D:6)
  6 bullfrogs
  A gnoll sergeant (D:7)
  5 scorpions
  9 wights
  18 killer bees
  5 howler monkeys
  2 vampire bats (D:8)
  19 orc priests
  Crazy Yiuf (D:7)
  2 hounds
  4 jellies
  5 iguanas
  11 orc wizards
  11 gnolls
  6 adders
  2 white imps (D:8)
  2 adder zombies (D:2)
  3 worms (D:3)
  3 dart slugs
  71 orcs
  6 bats
  3 bat skeletons (D:8)
  3 bat zombies (D:8)
  12 endoplasms
  5 giant cockroaches
  4 goblins
  7 hobgoblins
  5 jackals
  23 kobolds
  6 quokkas
  8 ball pythons
  5 frilled lizards
  A quokka skeleton (D:2)
  10 rats
381 creatures vanquished.

Vanquished Creatures (others)
  An orc wizard (Orc:2)
1 creature vanquished.

Grand Total: 382 creatures vanquished

Notes
Turn   | Place    | Note
-------+----------+-------------------------------------------
     0 | D:1      | Sigmuldom the Armataur Fighter began the quest for the Orb.
     0 | D:1      | Reached XP level 1. HP: 19/19 MP: 1/1
    72 | D:1      | Reached XP level 2. HP: 14/26 MP: 2/2
   171 | D:1      | Reached skill level 4 in Armour
   299 | D:1      | Reached XP level 3. HP: 28/33 MP: 3/3
  1421 | D:3      | Reached XP level 4. HP: 40/40 MP: 4/4
  1543 | D:3      | Found a snail-covered altar of Cheibriados.
  1606 | D:3      | Became a worshipper of Cheibriados the Contemplative
  1650 | D:3      | Found a faded altar of an unknown god.
  2171 | D:3      | Reached * piety under Cheibriados
  2223 | D:3      | Noticed a sky beast
  2226 | D:3      | Reached XP level 5. HP: 42/48 MP: 5/5
  2235 | D:3      | Killed a sky beast
  2413 | D:4      | Reached XP level 6. HP: 47/54 MP: 6/6
  2441 | D:4      | Found Vaf Urghi's Antique Weapon Shop.
  2663 | D:4      | Found Murchu Fyst's Distillery.
  2751 | D:4      | Found Tuajarid's General Store.
  2955 | D:4      | HP: 1/54 [poisoned by a goblin]
  3112 | D:4      | Reached ** piety under Cheibriados
  3151 | D:4      | Found Zeylahar's Antique Weapon Emporium.
  3374 | D:5      | Entered Level 5 of the Dungeon
  3430 | D:5      | Reached XP level 7. HP: 60/62 MP: 7/7
  3440 | D:5      | Reached skill level 5 in Axes
  3560 | D:5      | Reached skill level 5 in Armour
  3724 | D:5      | Noticed Grinder
  3733 | D:5      | Killed Grinder
  3783 | D:5      | Found a staircase to the Ecumenical Temple.
  3871 | D:5      | Reached XP level 8. HP: 71/71 MP: 8/8
  3899 | D:5      | Noticed Edmund
  3910 | D:5      | Killed Edmund
  3910 | D:5      | Reached *** piety under Cheibriados
  3911 | D:5      | Reached skill level 6 in Armour
  4227 | D:6      | Reached skill level 1 in Invocations
  4233 | D:6      | Reached skill level 5 in Fighting
  4241 | D:6      | Reached skill level 7 in Armour
  4245 | D:6      | Reached XP level 9. HP: 21/79 MP: 10/10
  4516 | D:6      | Noticed Blork the orc
  4521 | D:6      | Killed Blork the orc
  5330 | D:7      | Reached skill level 8 in Armour
  5334 | D:7      | Reached **** piety under Cheibriados
  5434 | D:7      | Reached skill level 5 in Shields
  5803 | D:7      | Found Huwun's Book Boutique.
  5965 | D:7      | Found a runed translucent door.
  5966 | D:7      | Noticed Crazy Yiuf
  5990 | D:7      | Found a hazy altar of Hepliaklqana.
  6000 | D:7      | Reached ***** piety under Cheibriados
  6160 | D:7      | Killed Crazy Yiuf
  6232 | D:8      | Reached skill level 9 in Armour
  6235 | D:8      | Reached XP level 10. HP: 34/84 MP: 13/13
  6405 | D:8      | Reached skill level 1 in Polearms
  6405 | D:8      | Reached skill level 5 in Invocations
  6447 | D:8      | Found a staircase to the Lair.
  6514 | D:8      | Identified the +0 leather armour of Love and Death {Will++}
  6617 | D:8      | Found a hide-covered altar of Uskayaw.
  7133 | D:8      | Found an ancient bone altar of Kikubaaqudgha.
  7384 | Lair:1   | Entered Level 1 of the Lair of Beasts
  7444 | Lair:1   | Reached skill level 10 in Armour
  7457 | Lair:1   | HP: 2/89 [wyvern (3)]
  7638 | Lair:1   | Reached XP level 11. HP: 72/97 MP: 15/15
  7647 | Lair:1   | Reached ****** piety under Cheibriados
  8352 | Lair:1   | Reached skill level 11 in Armour
  8365 | Lair:1   | Identified the +6 war axe of Alo Ymug {drain, Str+3}
  8773 | D:4      | Bought a potion of mutation for 96 gold pieces
  8773 | D:4      | Gained mutation: You have a pair of small horns on your
                  | head. [potion of mutation]
  8773 | D:4      | Gained mutation: You have large cloven feet. [potion of
                  | mutation]
  8773 | D:4      | Gained mutation: Your tail ends in a venomous barb. [potion
                  | of mutation]
  8773 | D:4      | Gained mutation: Your magical capacity is low. (-10% MP)
                  | [potion of mutation]
  8773 | D:4      | Gained mutation: You have sharp fingernails. [potion of
                  | mutation]
  9307 | D:9      | Reached skill level 10 in Axes
  9451 | D:9      | Reached skill level 1 in Stealth
  9829 | D:10     | Entered Level 10 of the Dungeon
 10098 | D:10     | Found a staircase to the Orcish Mines.
 10105 | D:10     | Found Jielewix's Weapon Boutique.
 10490 | D:11     | Noticed a cyan ugly thing
 10536 | Orc:1    | Entered Level 1 of the Orcish Mines
 10536 | Orc:1    | Noticed an orc high priest
 10536 | Orc:1    | Noticed an orc sorcerer
 10546 | D:10     | Killed an orc high priest
 10547 | D:10     | Killed an orc sorcerer
 10575 | Orc:1    | Reached skill level 1 in Dodging
 10761 | Orc:2    | Entered Level 2 of the Orcish Mines
 10894 | Orc:2    | Found a staircase to the Elven Halls.
 11077 | Orc:1    | Reached XP level 12. HP: 48/108 MP: 14/14
 11097 | Orc:1    | Reached skill level 12 in Armour
 11202 | Orc:2    | Noticed an orc high priest
 11278 | Orc:2    | Killed an orc high priest
 11453 | Orc:2    | Noticed an orc high priest
 11464 | Orc:2    | HP: 2/108 [sun demon[an orc high priest] (11)]
 11464 | Orc:2    | Slain by an orc warrior

Illustrated notes

Levels and vault maps discovered:
D:1:      heliophobic_arrival_enchanted_forest, layout_rooms,
          minmay_tiny_reverse_x
D:2:      layout_basic, serial_undead, serial_undead_b, serial_undead_b,
          serial_undead_f, serial_undead_c
D:3:      layout_loops_ring, mainiacjoe_overflow_alcove_1,
          hellmonk_ecumenical_altar_pennies_from_heaven, st_stairs_9,
          nicolae_eternal_life, amcnicky_mini_pool_small, minmay_divided_ellipse
D:4:      layout_loops_cross, serial_shops, shop,
          nicolae_shop_pleasant_corner_grove, nicolae_shop_dealshenge,
          nicolae_shop_pleasant_corner_grove
D:5:      layout_rooms, minmay_temple_entry_nine_rooms,
          nicolae_elevator_lobby_asterisk, uniq_grinder, uniq_edmund
D:6:      layout_cave_pods, uniq_blork_the_orc
D:7:      layout_rooms, lemuel_round_altar, serial_shops, nicolae_square_shop,
          grunt_ministairs_7, hangedman_decor_growths, roderic_roman_lattice,
          sigmund_army, uniq_crazy_yiuf_cottage
D:8:      layout_loops_ring, kennysheep_vampire_church,
          mainiacjoe_overflow_brackets, hellmonk_lair_entry_icy,
          kennysheep_generic_room_6
D:9:      layout_irregular_city
D:10:     layout_irregular_city, orc_david_3
D:11:     layout_cave_pools, muffindrake_ghost_dual_entry, serial_shops,
          nicolae_shop_bloodbath_and_beyond, uniq_fannar
Lair:1:   layout_loops_ring, wad_woods_03
Lair:2:   layout_chaotic_city, elwin_shoals_entry_stream, basic_altar,
          chequers_serial_rivers_large_a
Orc:1:    layout_caves
Orc:2:    st_orc_congregation, layout_diamond_mine

Skill      XL: |  1  2  3  4  5  6  7  8  9 10 11 12 |
---------------+-------------------------------------+-----
Armour         | 4 5 7 9 10 11 12 | 12.4
Fighting       | 3 4 5 6 7 |  7.9
Axes           | 2 3 4 6 7 8 9 10 | 10.9
Shields        | 4 5 6 7 |  7.3
Invocations    | 2 4 6 |  6.1
Polearms       | 1 |  1.1
Stealth        | 1 |  1.8
Dodging        | 1 |  1.4
Evocations     | |  0.5

Action                     |  1- 3 |  4- 6 |  7- 9 | 10-12 || total
---------------------------+-------+-------+-------+-------++-------
  Melee: War axe           |   120 |   133 |   247 |   461 ||   961
         Tailslap          |     9 |    13 |    36 |    78 ||   136
         Halberd           |       |       |       |    14 ||    14
         Punch             |       |       |       |     2 ||     2
         Kick              |       |       |       |    69 ||    69
         Headbutt          |       |       |       |    40 ||    40
 Invoke: Bend Time         |       |       |       |     5 ||     5
  Evoke: Lightning rod     |       |       |       |     4 ||     4
    Use: Scroll            |     5 |     5 |       |    10 ||    20
         Potion            |       |     3 |       |    12 ||    15
 Armour: Scale mail        |    64 |       |       |       ||    64
         Plate armour      |    17 |   111 |   182 |   328 ||   638
  Dodge: Dodged            |    43 |    29 |    75 |   145 ||   292
  Block: Buckler           |    31 |    29 |    80 |   178 ||   318
